 Dungeon Crawl Stone Soup version 0.24.0-123-gd5b16e6ec5 (webtiles) character file.

Game seed: 10031114246420993022, levelgen mode: deterministic

22892 Gabryszard the Brawler (level 12, -1/183 HPs)
             Began as a Troll Berserker on Jan 7, 2020.
             Was a High Priest of Trog.
             Slain by a purple ugly thing (10 damage)
             ... on level 13 of the Dungeon on Jan 8, 2020.
             The game lasted 01:46:15 (13510 turns).

Gabryszard the Brawler (Troll Berserker)           Turns: 13510, Time: 01:46:17

Health: -1/183     AC:  3    Str: 41    XL:     12   Next: 67%
Magic:  11/11      EV: 11    Int:  3    God:    Trog [*****.]
Gold:   567        SH:  0    Dex:  9    Spells: 11/11 levels left

rFire    x . .     SeeInvis .     - Unarmed
rCold    + + .     Gourm    +   (no shield)
rNeg     . . .     Faith    .   y - +2 ice dragon scales
rPois    +         Spirit   .   (helmet restricted)
rElec    .         Reflect  .   (no cloak)
rCorr    .         Harm     .   (gloves unavailable)
MR       .....     Rnd*Rage +   (boots unavailable)
Stlth    ..........             H - amulet of rage
HPRegen  0.80/turn              m - ring of poison resistance
MPRegen  0.12/turn              d - +4 ring of strength

@: berserking, corroded, very quick
A: large, unfitting armour, claws 3, hooves 1, berserk 1, fast metabolism 3,
gourmand, regeneration 1, robust 1, shaggy fur 1, tough skin 3
a: Berserk, Trog's Hand, Brothers in Arms, Renounce Religion, Evoke Berserk Rage


You were on level 13 of the Dungeon.
You worshipped Trog.
Trog was extremely pleased with you.
You were not hungry.

You visited 3 branches of the dungeon, and saw 16 of its levels.

You collected 1023 gold pieces.
You spent 456 gold pieces at shops.

Inventory:

Hand Weapons
 c - a +2 whip of freezing
 j - a +1 fustibalus of velocity
 k - a +3 mace of draining
 p - a +0 scythe of freezing
 s - a +1 flail of draining
 G - a +7 arbalest of freezing
Armour
 o - the +2 robe of Vanity {*Slow rPois Stlth+}
   (You bought it in a shop on level 9 of the Dungeon)

   It protects you from poison.
   It may slow you when you take damage.
   It makes you more stealthy.
 q - a +0 robe of the Archmagi
 y - +2 ice dragon scales (worn)
Jewellery
 d - a +4 ring of strength (right claw)
 i - an uncursed amulet of the acrobat
 m - a ring of poison resistance (left claw)
 w - an uncursed amulet of magic regeneration
 H - an amulet of rage (around neck)
 M - a +2 ring of dexterity
Wands
 x - a wand of polymorph (7)
 B - a wand of disintegration (18)
 D - a wand of digging (4)
 J - a wand of paralysis (7)
Scrolls
 e - 4 scrolls of amnesia
 f - 6 scrolls of teleportation
 g - 2 scrolls of immolation
 h - 4 scrolls of fog
 l - 3 scrolls of enchant weapon
 n - 3 scrolls of fear
 t - a scroll of silence {unknown}
 v - 6 scrolls of remove curse
 A - a scroll of identify
 F - a scroll of noise {unknown}
Potions
 a - 2 potions of agility
 r - a potion of flight
 u - a potion of ambrosia
 z - 4 potions of curing
 C - a potion of magic
 E - 2 potions of haste {unknown}
 I - a potion of might {unknown}
 L - a potion of cancellation {unknown}
Comestibles
 b - 17 rations


   Skills:
 + Level 5.0 Fighting
 + Level 6.9 Dodging
 * Level 18.1 Unarmed Combat


You had 11 spell levels left.
You didn't know any spells.
Your spell library contained the following spells:

 Spells                   Type           Power        Failure   Level  Hunger
 Magic Dart               Conj           #...         77%         1    ##.....
 Blink                    Tloc           N/A          88%         2    ###....
 Call Imp                 Summ           #.......     88%         2    ###....
 Slow                     Hex            #.......     88%         2    ###....
 Conjure Flame            Conj/Fire      #.......     98%         3    ####...
 Mephitic Cloud           Conj/Pois/Air  #.......     98%         3    ####...


Dungeon Overview and Level Annotations

Branches:
Dungeon (14/15)            Temple (1/1) D:7            Lair (0/6) D:11
    Orc (1/2) D:9
 Vaults: D:13-14

Altars:
Ashenzari
Cheibriados
Dithmenos
Elyvilon
Fedhas
Gozag
Hepliaklqana
Kikubaaqudgha
Makhleb
Nemelex Xobeh
Okawaru
Qazlal
Ru
Sif Muna
Uskayaw
Vehumet
Wu Jian
Xom
Yredelemnul
Zin
The Shining One

Shops:
D:4 [   D:9 ([   D:10 *   D:11 ?(=   D:12 (

Portals:
Ice
Cave: Orc:1

Annotations:
D:9 3 runed translucent doors, Curus's ghost, novice MiBe
D:11 1 runed translucent door


Innate Abilities, Weirdness & Mutations

You are too large for most types of armour.
You have claws for hands.
Your metabolism is lightning-fast.
You like to eat raw meat.
Your natural rate of healing is unusually fast.
You are covered in fur. (AC +1)
You have extremely tough skin. (AC +3)
You have large cloven feet.
You tend to lose your temper in combat.
You are robust. (+10% HP)


Message History

The brown ugly thing barely misses you. The purple ugly thing bites you!
* * * LOW HITPOINT WARNING * * *
The brown ugly thing tail-slaps you!
* * * LOW HITPOINT WARNING * * *
You are splashed with acid!
* * * LOW HITPOINT WARNING * * *
Calm down first, please.
You are too berserk!
You are too berserk!
You claw the brown ugly thing! Your kick misses the brown ugly thing.
Your claw misses the brown ugly thing.
The brown ugly thing is severely wounded.
You barely miss the brown ugly thing. You kick the brown ugly thing.
The brown ugly thing is severely wounded.
The brown ugly thing punches you.
* * * LOW HITPOINT WARNING * * *
The acid corrodes you!
You are splashed with acid!
* * * LOW HITPOINT WARNING * * *
The purple ugly thing bites you!
You die...

#################################
.................................
#####...###......##..###...##..##
.................##..###...##..##
.................................
###.....###+####....######+##....
#.#...#.>....#.#..+.......#.##.
#.....#......#u#..#.......#.##.
#.....#..#####@u(.#####...#....
#######..#....u..######...##...
#....#..#..###..#.........#...
#....#..#..###..#.........'..#
#(..###.#.......#..###...##...
####...###<######'##..###...#....
............##........##..[.#....
............##........##....'....
.##'######..##..##....#######....


You could see 3 ugly things.

Vanquished Creatures
  Snorg (D:11)
  An ice dragon (D:9)
  A centaur warrior (D:13)
  5 two-headed ogres
  2 manticores
  2 ugly things
  A cyclops (D:12)
  A guardian serpent (D:9)
  A gargoyle (D:12)
  2 trolls
  Prince Ribbit (D:5)
  2 slime creatures (D:11)
  3 hippogriffs
  Sigmund (D:3)
  A shadow (D:11)
  A wraith (D:14)
  A wyvern (D:5)
  15 yaks
  A human (D:9)
  2 hungry ghosts
  A steam dragon (D:9)
  4 hogs (D:9)
  4 vampire mosquitoes
  A soldier ant (D:12)
  An acid dragon (D:13)
  A water moccasin (D:8)
  5 orc warriors
  5 sky beasts
  2 black bears
  4 ice beasts
  9 ogres
  2 necrophages
  4 phantoms
  The ghost of purzel the Sneak, an amateur DgEn (D:6)
  19 centaurs
  A big kobold (D:9)
  5 bullfrogs
  A wyvern skeleton (D:10)
  6 scorpions
  12 wights
  4 crimson imps
  5 howler monkeys
  2 centaur zombies
  2 jellies
  7 hounds
  3 orc priests
  2 centaur skeletons
  12 orc wizards
  2 bullfrog skeletons
  4 iguanas
  11 worker ants
  2 hound skeletons
  A hound zombie (D:9)
  A howler monkey zombie (D:9)
  4 worker ant zombies
  18 gnolls
  A howler monkey skeleton (D:4)
  15 adders
  A river rat (D:6)
  4 shadow imps
  An ooze (D:3)
  An adder skeleton (D:8)
  6 worms
  4 dart slugs
  9 leopard geckos
  34 orcs
  8 bats
  9 giant cockroaches
  4 goblins
  5 hobgoblins
  10 jackals
  5 quokkas
  A ball python (D:3)
  11 frilled lizards
  A jackal zombie (D:7)
  9 kobolds
  A leopard gecko skeleton (D:4)
  A leopard gecko zombie (D:6)
  7 rats
  A fungus (D:3)
  2 plants (D:2)
364 creatures vanquished.

Vanquished Creatures (others)
  2 orcs (D:9)
  A kobold (D:9)
  A plant (D:9)
4 creatures vanquished.

Grand Total: 368 creatures vanquished

Notes
Turn   | Place    | Note
-------+----------+-------------------------------------------
     0 | D:1      | Gabryszard the Troll Berserker began the quest for the Orb.
     0 | D:1      | Reached XP level 1. HP: 22/22 MP: 0/0
    59 | D:1      | Reached XP level 2. HP: 28/29 MP: 1/1
   346 | D:1      | Reached XP level 3. HP: 36/36 MP: 2/2
  1123 | D:2      | Reached ** piety under Trog
  1132 | D:2      | Reached XP level 4. HP: 43/44 MP: 3/3
  1148 | D:2      | Reached skill level 4 in Unarmed Combat
  1660 | D:2      | Gained mutation: You tend to lose your temper in combat.
                  | [potion of mutation]
  1660 | D:2      | Gained mutation: You are robust. (+10% HP) [potion of
                  | mutation]
  1660 | D:2      | Gained mutation: You have large cloven feet. [potion of
                  | mutation]
  2398 | D:3      | Noticed Sigmund
  2401 | D:3      | Killed Sigmund
  2401 | D:3      | Reached skill level 5 in Unarmed Combat
  2401 | D:3      | Reached XP level 5. HP: 58/58 MP: 4/4
  2401 | D:3      | Reached XP level 6. HP: 67/67 MP: 5/5
  2929 | D:3      | Found a faded altar of an unknown god.
  3018 | D:3      | Reached skill level 6 in Unarmed Combat
  3248 | D:4      | Reached *** piety under Trog
  3269 | D:4      | Found Sitazir's Armour Boutique.
  3278 | D:4      | Identified a +2 pair of boots of running (You found it on
                  | level 4 of the Dungeon)
  3667 | D:4      | Reached XP level 7. HP: 73/73 MP: 6/6
  3767 | D:5      | Entered Level 5 of the Dungeon
  3767 | D:5      | Noticed a wyvern
  3772 | D:5      | Killed a wyvern
  3772 | D:5      | Reached skill level 7 in Unarmed Combat
  4114 | D:5      | Found a hide-covered altar of Uskayaw.
  4233 | D:5      | Reached skill level 8 in Unarmed Combat
  4336 | D:5      | Noticed Prince Ribbit
  4347 | D:5      | Killed Prince Ribbit
  4347 | D:5      | Reached **** piety under Trog
  4347 | D:5      | Reached XP level 8. HP: 81/82 MP: 7/7
  4641 | D:5      | Reached skill level 9 in Unarmed Combat
  5007 | D:6      | Found a runed translucent door.
  5009 | D:6      | Noticed purzel's ghost (amateur DgEn)
  5022 | D:6      | Killed purzel's ghost
  5027 | D:6      | Found a runed translucent door.
  5506 | D:6      | Reached skill level 10 in Unarmed Combat
  6022 | D:7      | Noticed a hippogriff
  6032 | D:7      | Killed a hippogriff
  6032 | D:7      | Reached skill level 5 in Dodging
  6032 | D:7      | Reached XP level 9. HP: 91/91 MP: 8/8
  6065 | D:7      | Found a staircase to the Ecumenical Temple.
  6099 | Temple   | Entered the Ecumenical Temple
  6251 | D:7      | Reached skill level 11 in Unarmed Combat
  6835 | D:8      | Reached ***** piety under Trog
  6842 | D:8      | Reached skill level 12 in Unarmed Combat
  7583 | D:8      | Noticed a two-headed ogre
  7589 | D:8      | Killed a two-headed ogre
  7589 | D:8      | Reached XP level 10. HP: 78/101 MP: 9/9
  7723 | D:9      | Noticed a guardian serpent
  7724 | D:9      | Found Zyelofaj's Armour Emporium.
  7724 | D:9      | Found a staircase to the Orcish Mines.
  7732 | D:9      | Killed a guardian serpent
  7732 | D:9      | Reached skill level 13 in Unarmed Combat
  7944 | D:9      | Received a gift from Trog
  8098 | D:9      | Found Unwon's Weapon Emporium.
  8130 | Orc:1    | Entered Level 1 of the Orcish Mines
  8130 | Orc:1    | Found a frozen archway.
  8138 | D:9      | Bought the +2 robe of Vanity {*Slow rPois Stlth+} for 286
                  | gold pieces
  8360 | D:9      | Noticed an ice dragon
  8381 | D:9      | Killed an ice dragon
  8569 | D:9      | Reached skill level 14 in Unarmed Combat
  8897 | D:9      | Reached XP level 11. HP: 77/111 MP: 10/10
  8929 | D:9      | Noticed a two-headed ogre
  8944 | D:9      | Killed a two-headed ogre
  9080 | D:9      | Found a runed translucent gate.
  9082 | D:9      | Found a runed translucent gate.
  9083 | D:9      | Found a runed translucent gate.
  9097 | D:9      | Noticed Curus's ghost (novice MiBe)
  9098 | D:9      | Noticed a nine-headed hydra
  9100 | D:9      | Noticed a ten-headed hydra
  9195 | D:10     | Entered Level 10 of the Dungeon
  9209 | D:10     | Found Verown's Assorted Antiques.
  9217 | D:10     | Bought a notched granite ring for 170 gold pieces
  9384 | D:10     | Noticed a two-headed ogre
  9388 | D:10     | Killed a two-headed ogre
  9388 | D:10     | Reached skill level 15 in Unarmed Combat
  9674 | D:10     | Noticed a two-headed ogre
  9679 | D:10     | Killed a two-headed ogre
 10031 | D:10     | You fall into a shaft and drop 1 floor!
 10089 | D:11     | Found Qystun's Jewellery Shop.
 10180 | D:11     | Found Ratewona's Magic Scroll Shoppe.
 10185 | D:11     | Reached skill level 16 in Unarmed Combat
 10291 | D:11     | Found a hide-covered altar of Uskayaw.
 10338 | D:11     | Noticed Snorg
 10349 | D:11     | Killed Snorg
 10408 | D:11     | Found a runed translucent door.
 10409 | D:11     | Noticed an angel
 10422 | D:11     | Found a glowing silver altar of Zin.
 10489 | D:11     | Received a gift from Trog
 10578 | D:11     | Found a staircase to the Lair.
 10616 | D:11     | Found Ogajeig's Weapon Shoppe.
 10646 | D:11     | Reached XP level 12. HP: 89/119 MP: 11/11
 11129 | D:12     | Found a blossoming altar of Fedhas.
 11185 | D:12     | Reached skill level 17 in Unarmed Combat
 11546 | D:12     | Found Ichur's Antique Weapon Shoppe.
 11980 | D:13     | Found a shimmering altar of Xom.
 11982 | D:13     | Found a shimmering altar of Xom.
 11982 | D:13     | Found a shimmering altar of Xom.
 11982 | D:13     | Found a shimmering altar of Xom.
 12749 | D:13     | Noticed a centaur warrior
 12765 | D:13     | Killed a centaur warrior
 13466 | D:14     | Noticed a two-headed ogre
 13474 | D:14     | Killed a two-headed ogre
 13474 | D:14     | Reached skill level 18 in Unarmed Combat
 13505 | D:13     | Reached skill level 5 in Fighting
 13510 | D:13     | HP: 9/183 [acid (11)]
 13510 | D:13     | Slain by a purple ugly thing

Levels and vault maps discovered:
D:1:      dpeg_arrival_connections, layout_loops_corners
D:2:      layout_basic, first_ration, minmay_lizard_king
D:3:      kennysheep_big_flooded_room, layout_basic,
          chequers_ecumenical_altar_grove, st_stairs_4, uniq_sigmund,
          uniq_crazy_yiuf_cottage
D:4:      layout_basic, serial_shops, nicolae_shop_crystal
D:5:      layout_loops_corners, old_standard_altar, hangedman_decor_growths,
          uniq_prince_ribbit1
D:6:      layout_basic, ebering_ghost_sewer_f
D:7:      minmay_opposing_rooms, layout_rooms, minmay_temple_entry_sparse_star
D:8:      layout_loops_ring
D:9:      dragon1_lemuel, layout_irregular_city, orc_david_3,
          gammafunk_ghost_hydra_chop, grunt_livestock,
          nrook_guardian_serpent_double
D:10:     layout_long_grid, serial_shops, shop, grunt_ministairs_1
D:11:     layout_roguey, lair_entry_dummy, basic_altar, serial_shops, shop,
          shop, kennysheep_mini_moat, lemuel_angel_altar, uniq_snorg
D:12:     layout_basic, serial_shops, shop, fedhas_altar_2
D:13:     layout_stronghold, xom_shifter_show
D:14:     layout_gridville, lightli_vaults_fourway_checkpoint, hive_lemuel
Temple:   grunt_wide_crystal_templ
Orc:1:    layout_diamond_mine, portal_ice_cave_entry_pillars_2,
          hangedman_minor_magic

Skill      XL: |  1  2  3  4  5  6  7  8  9 10 11 12 |
---------------+-------------------------------------+-----
Dodging        | 3 4 5 6 |  6.9
Unarmed Combat | 5 6 8 10 12 14 16 18 | 18.1
Fighting       | 3 4 5 |  5.0

Action                   |  1- 3 |  4- 6 |  7- 9 | 10-12 || total
-------------------------+-------+-------+-------+-------++-------
Melee: Unarmed           |    76 |   190 |   228 |   456 ||   950
       Kick              |       |    34 |    56 |   148 ||   238
       Punch             |       |     2 |     6 |    28 ||    36
Invok: Berserk           |       |     2 |     9 |     6 ||    17
  Use: Potion            |     1 |     4 |     6 |     3 ||    14
       Scroll            |       |     3 |    11 |    10 ||    24
 Stab: Invisible         |       |       |       |     1 ||     1
  Eat: Chunk             |    12 |    19 |    29 |    31 ||    91
       Ration            |       |     1 |     5 |     9 ||    15
Armor: Animal skin       |    46 |    17 |       |       ||    63
       Robe              |       |    34 |    54 |    26 ||   114
       Ice dragon scales |       |       |       |   200 ||   200
Dodge: Dodged            |    65 |   135 |   167 |   448 ||   815
